 Dungeon Crawl Stone Soup version 0.29.1-15-g9cfb28693d (webtiles) character file.

Game seed: 15694100875063130913

836 kingofthe the Conjurer (level 7, 0/41 HPs)
             Began as an Octopode Conjurer on Mar 3, 2023.
             Was a Follower of Sif Muna.
             Slain by a gnoll
             ... wielding a +0 club
             ... led by a gnoll sergeant
              (3 damage)
             ... on level 4 of the Dungeon.
             The game lasted 00:25:50 (6037 turns).

kingofthe the Conjurer (Octopode Conjurer)          Turns: 6037, Time: 00:25:51

Health: 0/41       AC:  1    Str:  6    XL:     7   Next: 99%
Magic:  5/14       EV: 15    Int: 20    God:    Sif Muna [*.....]
Gold:   240        SH:  0    Dex: 19    Spells: 6/15 levels left

rFire   . . .      SeeInvis .   m - +1 hand axe (vorpal)
rCold   . . .      Faith    .   (no shield)
rNeg    . . .      Spirit   .   (helmet restricted)
rPois   .          Reflect  .   (no amulet)
rElec   .          Harm     .   D - +6 ring of dexterity
rCorr   .          Rampage  .   (no ring)
Will    .....                   (no ring)
Stlth   ++++......              (no ring)
HPRegen 0.13/turn               (no ring)
MPRegen 0.14/turn               (no ring)
                                (no ring)
                                (no ring)

@: no status effects
A: almost no armour, amphibious, 8 rings, camouflage 1, gelatinous body 1,
(nimble swimmer 1), tentacles
a: Renounce Religion, Channel Magic


You were on level 4 of the Dungeon.
You worshipped Sif Muna.
Sif Muna was aware of your devotion.
You visited 2 branches of the dungeon, and saw 8 of its levels.

You collected 240 gold pieces.


Innate Abilities, Weirdness & Mutations

You cannot wear most types of armour.
You are amphibious.
You can wear up to eight rings at the same time.
Your skin changes colour to match your surroundings (Stealth+).
Your rubbery body absorbs attacks. (AC +1, EV +1)
((You are camouflaged when in or above water. (Stealth+)))
You have tentacles for arms and can constrict up to eight enemies at once.


   Skills:
 * Level 4.4 Dodging
 + Level 4.9 Stealth
 * Level 4.9 Spellcasting
 + Level 5.3 Conjurations
 + Level 2.2 Hexes
 * Level 2.6 Poison Magic


You had 6 spell levels left.
You knew the following spells:

 Your Spells              Type           Power      Damage    Failure   Level
a - Magic Dart            Conj           100%       1d8       1%          1
b - Searing Ray           Conj           52%        2d6       1%          2
c - Fulminant Prism       Conj/Hex       10%        3d9       24%         4
d - Poisonous Vapours     Pois/Air       20%        N/A       11%         2

Your spell library contained the following spells:

 Spells                   Type           Power      Damage    Failure   Level
 Sting                    Tmut/Pois      40%        1d5       7%          1
 Dazzling Flash           Conj/Hex       40%        N/A       8%          3
 Iskenderun's Mystic Bla  Conj/Tloc      15%        2d5       36%         4
 Olgreb's Toxic Radiance  Pois           15%        N/A       36%         4
 Freezing Cloud           Conj/Ice/Air   6%         6-21      83%         5
 Simulacrum               Ice/Necr       2%         N/A       100%        6
 Polar Vortex             Ice            2%         N/A       100%        9

Inventory:

Hand Weapons
 m - a +1 vorpal hand axe (weapon)
Jewellery
 D - a +6 ring of dexterity (left tentacle)
 F - a ring of fire
Wands
 o - a wand of flame (36)
 r - a wand of charming (7)
Scrolls
 d - a scroll of poison {unknown}
 e - 3 scrolls of enchant armour {unknown}
 i - a scroll of torment {unknown}
 j - a scroll of teleportation {unknown}
 l - a scroll of noise {unknown}
 n - a scroll of summoning {unknown}
 q - a scroll of immolation {unknown}
 s - a scroll of brand weapon {unknown}
 t - a scroll of enchant weapon {unknown}
 u - a scroll of magic mapping {unknown}
Potions
 a - a potion of magic
 b - 3 potions of curing {@q1}
 c - a potion of invisibility {unknown}
 f - a potion of degeneration {unknown}
 h - 2 potions of brilliance
 k - 4 potions of attraction
 p - a potion of heal wounds {unknown}

Dungeon Overview and Level Annotations

Branches:
Dungeon (7/15)             Temple (1/1) D:4

Altars:
Ashenzari
Cheibriados
Dithmenos
Elyvilon
Fedhas
Gozag
Hepliaklqana
Kikubaaqudgha
Makhleb
Nemelex Xobeh
Okawaru
Qazlal
Ru
Sif Muna
Trog
Uskayaw
Vehumet
Wu Jian
Xom
Yredelemnul
Zin

Shops:
D:7

(
................#.......▓▓†..#
#.................PPPP..▓▓...#
##.............##....P..▓▓..##
........##.....##..⚑.P..▓▓..#
.....##.#.......#....P......#
.....#......................#
....................#########
.##..#..##.......g###
.###............@.# .#
#....#.......###
####...###......#
..##...........##
.##...##......##
.....###....#.###
.#...####...#...#
##....#........##
####.........[##


You could see a gnoll.


Message History

The gnoll sergeant is severely wounded.
The gnoll throws a stone.
The stone completely misses you.
The gnoll sergeant hits you from afar with a +0 spear!
The searing ray hits the gnoll sergeant.
The gnoll sergeant is almost dead.
You finish channelling your searing ray.
The gnoll sergeant hits you from afar with a +0 spear!
* * * LOW HITPOINT WARNING * * *
The gnoll throws a stone.
The stone hits you.
* * * LOW HITPOINT WARNING * * *
The gnoll sergeant completely misses you.
The gnoll sergeant looks more healthy.
The gnoll sergeant misses you. The gnoll misses you.
The gnoll sergeant hits you from afar with a +0 spear!
* * * LOW HITPOINT WARNING * * *
You climb upwards.
There is a stone staircase leading down here.
Casting: Searing Ray (safe; 1% risk of failure)
Confirm with . or Enter, or press ? or * to list all spells.
Aiming: Searing Ray (safe; 1% risk of failure)
Press: ? - help, Shift-Dir - straight line, f - gnoll
Aim: a gnoll, wielding a +0 club and quivering stones (82% to hit)
The searing ray hits the gnoll.
The gnoll is moderately wounded. (Press . to maintain the ray.)
The gnoll barely misses you.
The searing ray hits the gnoll.
The gnoll is almost dead.
The gnoll hits you with a +0 club.
You die...

Skill      XL: |  1  2  3  4  5  6  7 |
---------------+----------------------+-----
Spellcasting   | 3 4 |  4.9
Stealth        | 3 4 |  4.9
Dodging        | 3 4 |  4.4
Conjurations   | 5 |  5.3
Poison Magic   | 1 2 |  2.6
Hexes          | 1 2 |  2.2

Action                   |  1- 3 |  4- 6 |  7- 9 || total
-------------------------+-------+-------+-------++-------
Melee: Unarmed           |     6 |       |       ||     6
       Constrict         |     1 |     1 |       ||     2
       Tentacles         |     1 |       |       ||     1
       Hand axe          |       |     5 |       ||     5
 Cast: Magic Dart        |    53 |    91 |    16 ||   160
       Searing Ray       |     6 |    27 |    15 ||    48
       Poisonous Vapours |       |       |     4 ||     4
  Use: Scroll            |       |       |     3 ||     3
 Stab: Sleeping          |       |     1 |       ||     1
Armor: Skin              |       |     1 |       ||     1
Dodge: Dodged            |     7 |    18 |    21 ||    46

Levels and vault maps discovered:
D:1:      amcnicky_arrival_flooded_fountain, layout_rooms
D:2:      layout_loops_cross
D:3:      layout_basic, hellmonk_ecumenical_altar_pennies_from_heaven
D:4:      layout_cave_pools, mainiacjoe_overflow_chevrons,
          minmay_temple_entry_mini_moons
D:5:      layout_rooms, lemuel_round_altar, minmay_manual_moon
D:6:      layout_cave_pools, tso_oasis_becter, serial_shops,
          nicolae_shop_behind_doors
D:7:      layout_loops_ring, grunt_temple_overflow_open, serial_shops, shop
Temple:   sentei_temple_godly_chess

Notes
Turn   | Place    | Note
-------+----------+-------------------------------------------
     0 | D:1      | kingofthe the Octopode Conjurer began the quest for the
                  | Orb.
     0 | D:1      | Reached XP level 1. HP: 11/11 MP: 3/3
   370 | D:1      | Reached XP level 2. HP: 17/17 MP: 3/5
   458 | D:1      | Learned a level 2 spell: Searing Ray
   711 | D:1      | Reached skill level 3 in Spellcasting
  1049 | D:2      | Reached XP level 3. HP: 21/21 MP: 2/7
  1410 | D:2      | Reached skill level 3 in Stealth
  1641 | D:2      | Reached XP level 4. HP: 27/27 MP: 3/9
  2355 | D:3      | Noticed a necrophage
  2538 | D:3      | Found a faded altar of an unknown god.
  3025 | D:3      | Killed a necrophage
  3026 | D:3      | Reached skill level 3 in Dodging
  3026 | D:3      | Reached XP level 5. HP: 31/31 MP: 1/10
  3209 | D:4      | Reached skill level 4 in Spellcasting
  3283 | D:4      | Reached XP level 6. HP: 36/36 MP: 8/12
  3316 | D:4      | Found an ancient bone altar of Kikubaaqudgha.
  3489 | D:4      | Found a staircase to the Ecumenical Temple.
  3599 | Temple   | Entered the Ecumenical Temple
  3607 | Temple   | Became a worshipper of Sif Muna the Loreminder
  3942 | D:4      | Reached skill level 4 in Stealth
  3942 | D:4      | Reached skill level 5 in Conjurations
  4061 | D:4      | Learned a level 4 spell: Fulminant Prism
  4149 | D:4      | You fall into a shaft and drop 3 floors!
  4160 | D:7      | Learned a level 2 spell: Poisonous Vapours
  4403 | D:7      | Found a bloodstained altar of Trog.
  4469 | D:7      | Found a sparkling altar of Nemelex Xobeh.
  4525 | D:7      | Found Nuorch's Antique Weapon Emporium.
  4571 | D:6      | Identified the +3 scale mail of Nimunkuf {rC+ Slay+5}
  4611 | D:5      | Entered Level 5 of the Dungeon
  4621 | D:5      | Reached skill level 1 in Poison Magic
  4744 | D:5      | Reached skill level 1 in Hexes
  4744 | D:5      | Reached XP level 7. HP: 33/41 MP: 6/13
  5077 | D:5      | Noticed a vampire
  5084 | D:5      | Reached skill level 4 in Dodging
  5435 | D:5      | Reached * piety under Sif Muna
  5487 | D:5      | Reached skill level 2 in Poison Magic
  5561 | D:5      | Reached skill level 2 in Hexes
  5894 | D:5      | Found a broken altar of Ashenzari.
  6034 | D:5      | HP: 3/41 [gnoll sergeant/+0 spear (7)]
  6037 | D:4      | Slain by a gnoll

Vanquished Creatures
  A bullfrog (D:7)
  A necrophage (D:3)
  3 scorpions
  A killer bee (D:5)
  2 orc priests (D:5)
  4 hounds
  2 iguanas
  An orc wizard (D:5)
  2 gnolls (D:5)
  8 adders
  3 shadow imps (D:5)
  2 white imps
  5 worms
  2 dart slugs
  5 orcs
  6 ball pythons
  8 endoplasms
  3 giant cockroaches
  3 hobgoblins
  7 jackals
  7 kobolds
  2 quokkas
  7 bats
  6 frilled lizards
  3 goblins
  9 rats
103 creatures vanquished.

Vanquished Creatures (others)
  An orc wizard (D:5)
1 creature vanquished.

Grand Total: 104 creatures vanquished

Table legend: (Time is in decaauts)
 A = Elapsed time spent in this place.
 B = Non-inter-level travel time spent in this place.
 C = Inter-level travel time spent in this place.
 D = Time resting spent in this place.
 E = Time spent auto-exploring this place.
 F = Levels seen in this place.
 G = Mean time per level.
                   A        B        C        D        E       F      G
               +--------+--------+--------+--------+--------+-----+--------+
         Total |   6038 |   5951 |     87 |   1093 |   4002 |   8 |  754.8 |
       Dungeon |   6022 |   5940 |     82 |   1093 |   4000 |   7 |  860.3 |
        Temple |     16 |     11 |      5 |      0 |      2 |   1 |   16.0 |
               +--------+--------+--------+--------+--------+-----+--------+

Top non-repeatable levels by time:
     D:4: 1269 daAuts
     D:2: 1122 daAuts
     D:1: 1093 daAuts
     D:5: 1091 daAuts
     D:3: 984 daAuts
     D:7: 404 daAuts
     D:6: 56 daAuts
  Temple: 16 daAuts

Table legend:
 A = Non-vault XP
 B = Vault XP
 C = Vault XP percentage of total XP
 D = Non-vault monster count
 E = Vault monster count
 F = Vault count percentage of total count
                 A         B        C        D         E       F
            +---------+---------+-------+---------+---------+-------
      Total |     974 |     221 |  18.5 |     100 |       4 |   3.8
            +---------+---------+-------+---------+---------+-------
        D:1 |      33 |       0 |   0.0 |      21 |       0 |   0.0
        D:2 |      68 |       0 |   0.0 |      22 |       0 |   0.0
        D:3 |     175 |       0 |   0.0 |      19 |       0 |   0.0
        D:4 |     201 |       0 |   0.0 |      20 |       0 |   0.0
        D:5 |     397 |     221 |  35.8 |      16 |       4 |  20.0
        D:7 |     100 |       0 |   0.0 |       2 |       0 |   0.0
            +---------+---------+-------+---------+---------+-------
